 Dungeon Crawl Stone Soup version 0.30-a0-341-g682706514a (webtiles) character file.

Game seed: 17897049718454204312

2174 Muataran the Cleaver (level 9, -1/79 HPs)
             Began as a Hill Orc Fighter on Nov 1, 2022.
             Was a Believer of Qazlal.
             Slain by an ogre
             ... wielding a +0 halberd
              (7 damage)
             ... in a bailey.
             The game lasted 00:14:38 (5252 turns).

Muataran the Cleaver (Hill Orc Fighter)             Turns: 5252, Time: 00:14:39

Health: -1/79      AC: 14    Str: 27    XL:     9   Next: 32%
Magic:  9/9        EV:  8    Int: 10    God:    Qazlal [**....]
Gold:   282        SH:  8    Dex: 10    Spells: 8/8 levels left

rFire   . . .      SeeInvis .    a - +1 war axe
rCold   . . .      Faith    .    c - +0 buckler
rNeg    . . .      Spirit   .    n - +0 chain mail
rPois   .          Reflect  .    f - +0 helmet of Zealous Fun {Str+6}
rElec   .          Harm     .    (no cloak)
rCorr   .          Rampage  .    e - +0 pair of gloves
Will    .....                    i - +0 pair of boots
Stlth   ..........               (no amulet)
HPRegen 0.33/turn                (no ring)
MPRegen 0.11/turn                (no ring)

@: about to teleport
A: no striking features
a: Renounce Religion, Upheaval


You were in a bailey.
You worshipped Qazlal.
Qazlal was pleased with you.
You visited 1 branch of the dungeon, and saw 7 of its levels.
You also visited: Ossuary and Bailey.

You collected 366 gold pieces.
You spent 84 gold pieces at shops.

Inventory:

Hand Weapons
 a - a +1 war axe (weapon)
Armour
 c - a +0 buckler (worn)
 e - a +0 pair of gloves (worn)
 f - the +0 helmet of Zealous Fun (worn) {Str+6}
   (You found it on level 2 of the Dungeon)

   Str:       It affects your strength (+6).
 i - a +0 pair of boots (worn)
 m - the +3 scale mail "Ygofiom" {rPois Dex+4}
   (You found it on level 4 of the Dungeon)

   Dex:       It affects your dexterity (+4).
   rPois:     It protects you from poison.
 n - a +0 chain mail (worn)
 r - a +3 tower shield
Jewellery
 u - a +4 ring of evasion
 x - a ring of flight
Wands
 w - a wand of iceblast (12)
Scrolls
 b - 3 scrolls of enchant weapon
 l - a scroll of identify
 p - 2 scrolls of poison
 q - a scroll of enchant armour
 s - a scroll of teleportation
 t - a scroll of silence
 v - a scroll of summoning {unknown}
 y - a scroll of noise {unknown}
 B - a scroll of immolation {unknown}
Potions
 d - 2 potions of lignification
 g - 4 potions of curing
 j - a potion of flight
 k - 3 potions of resistance
 o - a potion of cancellation
 z - a potion of brilliance {unknown}


   Skills:
 + Level 7.4 Fighting
 * Level 10.3 Axes
 + Level 6.7 Armour
 + Level 6.7 Shields


You had 8 spell levels left.
You didn't know any spells.
Your spell library contained the following spells:

 Spells                   Type           Power      Damage    Failure   Level
 Apportation              Tloc           0%         N/A       94%         1
 Necrotise                Necr           0%         1d4       94%         1
 Summon Small Mammal      Summ           0%         N/A       94%         1
 Ensorcelled Hibernation  Hex/Ice        0%         N/A       98%         2
 Passwall                 Tmut/Erth      0%         N/A       98%         2
 Static Discharge         Conj/Air       0%         2-2/arc   98%         2
 Swiftness                Air            0%         N/A       100%        3
 Vhi's Electric Charge    Tloc/Air       0%         N/A       100%        3
 Arcjolt                  Conj/Air       0%         1d10      100%        5
 Lightning Bolt           Conj/Air       0%         1d11      100%        5
 Maxwell's Capacitive Co  Air            0%         ∞         100%        8


Dungeon Overview and Level Annotations

Branches:
Dungeon (7/15)             Temple (0/1) D:5         Ossuary (visited)
 Bailey (1/1)

Altars:
Ashenzari
Cheibriados
Gozag
Nemelex Xobeh
Qazlal
Ru
Sif Muna
Xom

Shops:
D:3 *


Message History

You kill the ogre!
Qazlal accepts your kill.
You hear a shout!
You block the ogre's attack.
An ogre comes into view. It is wielding a +0 halberd.
The ogre shouts!
The ogre hits you but does no damage.
You see here a +0 glaive.
You completely miss the ogre. You hit the ogre but do no damage.
An ogre comes into view. It is wielding a +0 halberd.
The ogre hits you with a +0 halberd!
* * * LOW HITPOINT WARNING * * *
You block the ogre's attack.
You feel much better. The ogre barely misses you.
The ogre hits you with a +0 halberd!
* * * LOW HITPOINT WARNING * * *
You are confused.
You feel invigorated. The ogre barely misses you. The ogre barely misses you.
The ogre hits you from afar with a +0 halberd. x2
* * * LOW HITPOINT WARNING * * *
The ogre hits you from afar with a +0 halberd!!
* * * LOW HITPOINT WARNING * * *
You feel less invigorated.
You feel less confused. You block the ogre's attack.
The ogre hits you from afar with a +0 halberd!
* * * LOW HITPOINT WARNING * * *
You block the ogre's attack.
You feel much better.
The ogre hits you from afar with a +0 halberd!
* * * LOW HITPOINT WARNING * * *
The ogre hits you from afar with a +0 halberd.
* * * LOW HITPOINT WARNING * * *
Okay, then.
Okay, then.
As you read the scroll of teleportation, it crumbles to dust.
You feel strangely unstable.
The ogre hits you from afar with a +0 halberd!
You die...

#..###.....##
#..~~~).∩...#
#..~~~......#
#..~~~))....#
♣..~~~......#
♣..~~~..O...#
♣..###.OOO.##
#..# #.....#
#..# ##.@.##
..# ##.## ###


You could see 4 ogres.

Vanquished Creatures
  Menkaure (D:4)
  A water moccasin (D:7)
  2 black bears
  An ice beast (D:6)
  4 ogres
  2 phantoms
  A kobold brigand (D:7)
  2 necrophages (D:5)
  2 scorpions
  3 water moccasin zombies (Ossuary)
  3 howler monkeys (D:7)
  A hound (D:4)
  A jelly (D:5)
  4 orc priests
  3 iguanas
  3 orc wizards
  3 mummies
  Robin (D:3)
  10 adders
  2 white imps (D:5)
  2 ufetubi (D:5)
  2 adder zombies (Ossuary)
  2 worms
  3 dart slugs
  10 orcs
  2 bats
  7 endoplasms
  6 giant cockroaches
  9 hobgoblins
  3 jackals (D:1)
  4 quokkas
  6 ball pythons
  4 frilled lizards
  A gnoll zombie (Ossuary)
  12 goblins
  5 hobgoblin zombies (Ossuary)
  A jackal zombie (D:4)
  9 kobolds
  5 kobold zombies (Ossuary)
  3 orc zombies (Ossuary)
  2 rats
148 creatures vanquished.

Vanquished Creatures (others)
  7 fungi (D:4)
7 creatures vanquished.

Grand Total: 155 creatures vanquished

Notes
Turn   | Place    | Note
-------+----------+-------------------------------------------
     0 | D:1      | Muataran the Hill Orc Fighter began the quest for the Orb.
     0 | D:1      | Reached XP level 1. HP: 19/19 MP: 1/1
   204 | D:1      | Reached skill level 3 in Axes
   237 | D:1      | Reached XP level 2. HP: 27/27 MP: 2/2
   836 | D:2      | Identified the +0 helmet of Zealous Fun {Str+6}
   884 | D:2      | Reached XP level 3. HP: 32/33 MP: 3/3
  1249 | D:2      | Reached skill level 4 in Axes
  1362 | D:2      | Found a faded altar of an unknown god.
  1404 | D:3      | Found a sparkling altar of Nemelex Xobeh.
  1495 | D:3      | Reached XP level 4. HP: 40/40 MP: 4/4
  1557 | D:3      | Found Tyfiog's General Store.
  1740 | D:3      | Found a stormy altar of Qazlal.
  1755 | D:3      | Became a worshipper of Qazlal Stormbringer
  1831 | D:3      | Bought a scroll of butterflies for 56 gold pieces
  1831 | D:3      | Bought a scroll of identify for 28 gold pieces
  2016 | D:4      | Noticed Robin
  2031 | D:3      | Killed Robin
  2137 | D:4      | Reached XP level 5. HP: 20/47 MP: 5/5
  2149 | D:4      | Reached skill level 5 in Axes
  2248 | D:4      | Identified the +3 scale mail "Ygofiom" {rPois Dex+4}
  2283 | D:4      | Found a shimmering altar of Xom.
  2283 | D:4      | Noticed a black bear
  2297 | D:4      | Killed a black bear
  2298 | D:4      | Reached XP level 6. HP: 48/55 MP: 6/6
  2313 | D:4      | Found a sand-covered staircase.
  2319 | Ossuary  | Entered an ossuary
  2392 | Ossuary  | Reached * piety under Qazlal
  2393 | Ossuary  | Reached skill level 5 in Fighting
  2393 | Ossuary  | Reached skill level 6 in Axes
  2430 | Ossuary  | Reached XP level 7. HP: 61/61 MP: 7/7
  2609 | D:4      | Noticed Menkaure
  2815 | D:4      | Killed Menkaure
  2816 | D:4      | Reached skill level 7 in Axes
  2816 | D:4      | Reached skill level 5 in Armour
  2816 | D:4      | Reached skill level 5 in Shields
  3169 | D:5      | Entered Level 5 of the Dungeon
  3177 | D:5      | Reached ** piety under Qazlal
  3209 | D:5      | Reached XP level 8. HP: 31/70 MP: 8/8
  3523 | D:5      | Found a broken altar of Ashenzari.
  3583 | D:5      | Found a snail-covered altar of Cheibriados.
  3614 | D:5      | Found a shimmering blue altar of Sif Muna.
  3736 | D:5      | Reached skill level 8 in Axes
  3899 | D:5      | Found a staircase to the Ecumenical Temple.
  4092 | D:6      | Found an opulent altar of Gozag.
  4558 | D:6      | Reached skill level 9 in Axes
  4984 | D:6      | Found a sacrificial altar of Ru.
  5086 | D:7      | Reached XP level 9. HP: 76/79 MP: 9/9
  5185 | D:7      | Found a flagged portal.
  5209 | D:7      | Reached skill level 10 in Axes
  5212 | Bailey   | Entered a bailey
  5249 | Bailey   | HP: 2/79 [ogre/+0 halberd (8)]
  5252 | Bailey   | Slain by an ogre

Illustrated notes

Levels and vault maps discovered:
D:1:      mrwooster_arrival_arrow, layout_basic, roderic_lattice_a
D:2:      layout_basic, hellmonk_ecumenical_altar_leap_of_faith
D:3:      layout_basic, nicolae_qazlal_scattered_showers,
          mainiacjoe_overflow_tiny_flanked, serial_shops,
          nicolae_shop_hallway_stairs, kennysheep_cross_room
D:4:      layout_loops_ring, mainiacjoe_overflow_cross_hatched, enter_ossuary_3,
          uniq_menkaure, uniq_robin
D:5:      layout_basic, nicolae_sif_muna_little_library,
          ashenzari_conservatory_becter, chei_slow_surprise,
          minmay_temple_entry_offerings
D:6:      layout_basic, nicolae_ru_path_of_blood,
          nicolae_gozag_cash_rules_everything_around_me, serial_bayou_pond_e
D:7:      layout_basic, mainiacjoe_overflow_24_doors, enter_bailey_6
Bailey:   bailey_polearm_enchanted_keep_hellmonk, bailey

Skill      XL: |  1  2  3  4  5  6  7  8  9 |
---------------+----------------------------+-----
Axes           | 3 4 5 6 7 9 10 | 10.3
Fighting       | 4 5 7 |  7.4
Shields        | 4 5 6 |  6.7
Armour         | 4 5 6 |  6.7

Action                   |  1- 3 |  4- 6 |  7- 9 || total
-------------------------+-------+-------+-------++-------
Melee: War axe           |    88 |   158 |   251 ||   497
Invok: Upheaval          |       |       |     1 ||     1
  Use: Scroll            |     4 |     4 |    11 ||    19
       Potion            |       |     3 |     6 ||     9
Armor: Scale mail        |    49 |    10 |       ||    59
       Chain mail        |       |    94 |   129 ||   223
Dodge: Dodged            |    40 |    51 |    81 ||   172
Block: Buckler           |    20 |    36 |    98 ||   154

Table legend: (Time is in decaauts)
 A = Elapsed time spent in this place.
 B = Non-inter-level travel time spent in this place.
 C = Inter-level travel time spent in this place.
 D = Time resting spent in this place.
 E = Time spent auto-exploring this place.
 F = Levels seen in this place.
 G = Mean time per level.
                   A        B        C        D        E       F      G
               +--------+--------+--------+--------+--------+-----+--------+
         Total |   5365 |   5228 |    137 |    408 |   3460 |   9 |  596.1 |
       Dungeon |   5055 |   4918 |    137 |    373 |   3339 |   7 |  722.1 |
       Ossuary |    269 |    269 |      0 |     35 |    121 |   1 |  269.0 |
        Bailey |     40 |     40 |      0 |      0 |      0 |   1 |   40.0 |
               +--------+--------+--------+--------+--------+-----+--------+

Top non-repeatable levels by time:
     D:6: 1010 daAuts
     D:5: 882 daAuts
     D:4: 803 daAuts
     D:1: 792 daAuts
     D:3: 790 daAuts
     D:2: 605 daAuts
 Ossuary: 269 daAuts
     D:7: 172 daAuts
  Bailey: 40 daAuts
